 Dungeon Crawl Stone Soup version 0.31-a0-845-g9abc20d24f (webtiles) character file.

Game seed: 11258319243903808423

2392 Flugkiller the Cutter (level 9, -1/49 HPs)
             Began as a Vine Stalker Gladiator on Oct 1, 2023.
             Was a Priest of Uskayaw.
             Succumbed to a gnoll sergeant's poison
             ... on level 7 of the Dungeon.
             The game lasted 00:05:29 (4875 turns).

Flugkiller the Cutter (Vine Stalker Gladiator)      Turns: 4875, Time: 00:05:29

Health: -1/49      AC:  9    Str: 29    XL:     9   Next: 46%
Magic:  11/11      EV: 15    Int:  8    God:    Uskayaw [***...]
Gold:   2          SH:  0    Dex: 20    Spells: 8/8 levels left

rFire   + . .        y - +2 rapier (speed)
rCold   + . .        (no shield)
rNeg    . . .        D - +1 ring mail {rF+}
rPois   .            (helmet restricted)
rElec   .            j - +0 cloak
rCorr   .            (no gloves)
SInv    .            c - +1 pair of boots {Stlth+}
Will    +....        (no amulet)
Stlth   ++           z - +6 ring of strength
HPRegen 1.08/turn    a - +6 ring of strength
MPRegen 0.12/turn

%: guardian spirit
@: lethally poisoned (-1 -> -8), hasted, very quick
A: fangs 3, regeneration 1, magic shield, antimagic bite, no potion heal 2,
horns 1, cold resistance 1
a: Renounce Religion, Stomp, Line Pass


You were on level 7 of the Dungeon.
You worshipped Uskayaw.
Uskayaw was noncommittal.
You visited 2 branches of the dungeon, and saw 8 of its levels.
You also visited: Sewer.

You collected 315 gold pieces.
You spent 313 gold pieces at shops.

Inventory:

Hand Weapons
 y - a +2 rapier of speed (weapon)
   (You found it in a sewer)
Missiles
 d - 6 throwing nets (quivered)
 e - a javelin
Armour
 c - a +1 pair of boots of stealth (worn)
   (You bought it in a shop on level 6 of the Dungeon)
 j - a +0 cloak (worn)
   (You found it on level 1 of the Dungeon)
 D - a +1 ring mail of fire resistance (worn)
   (You took it off Duvessa on level 5 of the Dungeon)
 I - the +0 leather armour "Eweiteus" {rElec Will+ Int+2}
   (You found it on level 4 of the Dungeon)

   Int+2:     It affects your intelligence (+2).
   rElec:     It insulates you from electricity.
   Will+:     It increases your willpower.
Jewellery
 a - a +6 ring of strength (right hand)
   (You found it on level 4 of the Dungeon)
 k - a ring of fire
   (You found it on level 1 of the Dungeon)
 z - a +6 ring of strength (left hand)
   (You found it on level 1 of the Dungeon)
Wands
 A - a wand of mindburst (10)
   (You found it on level 5 of the Dungeon)
 C - a wand of polymorph (7)
   (You took it off Dowan on level 5 of the Dungeon)
Scrolls
 b - a scroll of immolation {unknown}
 f - a scroll of blinking {unknown}
 g - 2 scrolls of fog
 m - a scroll of torment {unknown}
 o - a scroll of amnesia {unknown}
 r - a scroll of identify
 t - 3 scrolls of teleportation
 x - a scroll of enchant armour {unknown}
 B - 2 scrolls of enchant weapon
 E - 2 scrolls of revelation
 F - a scroll of vulnerability
Potions
 h - 2 potions of haste
 i - 2 potions of attraction {unknown}
 l - a potion of lignification {unknown}
 n - 2 potions of resistance
 p - 5 potions of brilliance
 q - a potion of cancellation
 s - a potion of might {unknown}
 u - a potion of magic
 v - a potion of curing {unknown}
 w - a potion of mutation
 G - a potion of enlightenment {unknown}
 H - a potion of degeneration {unknown}


   Skills:
 + Level 6.7 Fighting
 + Level 6.9 Short Blades
 - Level 1.7 Throwing
 + Level 6.3 Dodging
 + Level 2.1 Invocations


You had 8 spell levels left.
You didn't know any spells.
Your spell library was empty.

Dungeon Overview and Level Annotations

Branches:
Dungeon (7/15) Zot: 26847  Temple (1/1) D:6 Zot: 5970   Sewer (visited)

Altars:
Ashenzari
Cheibriados
Dithmenos
Elyvilon
Fedhas
Gozag
Hepliaklqana
Kikubaaqudgha
Qazlal
Ru
Sif Muna
Uskayaw
Vehumet
Wu Jian
Xom
Yredelemnul
Zin
The Shining One

Shops:
D:3 *   D:6 ?[

Annotations:
D:4 3 runed translucent doors, JamesMyth's ghost, amateur HOFi
D:6 2 runed translucent doors, Pi314's ghost, novice KoEn


Innate Abilities, Weirdness & Mutations

You have razor-sharp teeth.
Your natural rate of healing is unusually fast.
When hurt, damage is shared between your health and your magic reserves.
Your bite disrupts and absorbs the magic of your enemies.
Potions cannot restore your health.
You have a pair of small horns on your head.
Your flesh is cold resistant. (rC+)


Message History

An orc priest and a gnoll come into view.
The gnoll hits you from afar with a +0 halberd.
A gnoll comes into view. It is wielding a +0 spear.
The gnoll closely misses you.
The orc priest shouts!
You puncture the gnoll!
The gnoll is severely wounded.
The gnoll shouts!
You hear a shout! x2
The gnoll hits you but does no damage.
A gnoll sergeant comes into view. It is wielding a +0 spear of venom.
An orc comes into view.
It is wielding a +0 flail of protection.
An orc wizard comes into view. It is wielding a +0 dagger.
You hear a shout!
The orc shouts!
You hit the gnoll. You headbutt the gnoll.
You kill the gnoll! 2 orcs and a gnoll come into view.
The orc shouts!
Things that are here:
a +0 halberd; a gnoll corpse The orc shouts!
You hit the orc wizard. You bite the orc wizard!
The orc wizard's magic leaks into the air.
You drain its magic.
The orc wizard is almost dead.
You can now pass through a line of other dancers.
You miss the orc wizard. You bite the orc wizard.
You kill the orc wizard!
The orc priest calls down the wrath of Beogh upon you.
Beogh smites you!
You hit the orc priest. You bite the orc priest. You drain its power.
You feel invigorated.
The orc priest is severely wounded.
You puncture the orc priest!
You kill the orc priest!
Uskayaw will force your foes to helplessly watch your dance.
Uskayaw prepares the audience for your solo!
The helpless orc fails to defend itself.
You puncture the orc!
You kill the orc!
Things that are here:
a +0 rapier; an orc corpse You hit the orc.
You headbutt the orc.
You kill the orc!
The orc is no longer paralysed.
The gnoll sergeant is no longer paralysed.
The gnoll is no longer paralysed. x2
The gnoll sergeant hits you from afar with a +0 spear of venom.
You are poisoned.
The gnoll hits you from afar with a +0 spear.
You feel very sick.
The gnoll sergeant hits you with a +0 spear of venom.
You are more poisoned.
The gnoll closely misses you. The gnoll hits you but does no damage.
You hit the gnoll sergeant.
The gnoll sergeant is lightly wounded.
You feel very sick. The gnoll sergeant closely misses you.
The gnoll hits you with a +0 spear. The orc closely misses you.
The gnoll hits you with a +0 spear.
You are too injured to fight recklessly!
You are too injured to fight recklessly!
You barely miss the gnoll sergeant.
You headbutt the gnoll sergeant, but do no damage.
Your bite misses the gnoll sergeant.
The gnoll sergeant is lightly wounded.
You feel sick.
You hit the gnoll sergeant.
You bite the gnoll sergeant, but do no damage.
The gnoll sergeant is lightly wounded.
You feel very sick. The gnoll closely misses you. The orc misses you.
The gnoll misses you.
The gnoll sergeant hits you with a +0 spear of venom!
You are lethally poisoned!
It was a potion of haste.
You feel yourself speed up.
h - 2 potions of haste;
z - a +6 ring of strength (left hand)
* * * LOW HITPOINT WARNING * * *
You feel extremely sick.
The gnoll sergeant hits you but does no damage.
The gnoll hits you but does no damage.
The orc hits you with a +0 flail of protection.
* * * LOW HITPOINT WARNING * * *
The gnoll barely misses you.
Okay, then.
Okay, then.
Unknown command.
Found a whip.
* * * LOW HITPOINT WARNING * * *
You feel very sick.
Items here: ))) [[.
You hear the faint creaking of a portcullis nearby.
* * * LOW HITPOINT WARNING * * *
You feel very sick. The gnoll attacks as it pursues you!
The gnoll barely misses you.
Things that are here:
a +0 halberd; a gnoll corpse
* * * LOW HITPOINT WARNING * * *
You feel very sick. The orc attacks as it pursues you!
The orc barely misses you.
It was a potion of magic.
Magic courses through your body.
You die...

)..##.# #.# #
#....##.#######.# # ###
#....##.......#.# # #...
.....#..####.#.# #
.....#.#..#..####.#.# #
.....#.#..#......)).# #
..........#..####)### #
........g##..# #)# #
#......g)o@..# #)# #
#......g####.####.#######
# #........
.......)<.....# #
#..#########.##......####
# #. #.##......# # #
#.##......# # .##......#
# .#######.# # .# #


You could see a gnoll sergeant, 2 gnolls and an orc.

Vanquished Creatures
  Grinder (D:5)
  A steam dragon (D:6)
  Menkaure (D:4)
  A water moccasin (D:6)
  Duvessa (D:5)
  A black bear (D:6)
  2 ice beasts (D:6)
  A phantom (D:3)
  2 kobold brigands (Sewer)
  A gnoll sergeant (D:7)
  3 scorpions
  Dowan (D:5)
  2 howler monkeys
  An electric eel (D:6)
  A jelly (D:5)
  5 hounds
  An orc priest (D:7)
  A gnoll bouda (D:6)
  3 sleepcaps
  Jessica (D:3)
  An iguana (D:5)
  2 orc wizards
  14 gnolls
  8 adders
  7 river rats
  3 worms
  A dart slug (D:5)
  15 orcs
  8 bats
  5 endoplasms
  7 giant cockroaches
  6 hobgoblins
  2 jackals (D:4)
  6 quokkas
  10 ball pythons
  7 frilled lizards
  7 goblins
  21 kobolds
  24 rats
185 creatures vanquished.

Notes
Turn   | Place    | Note
-------+----------+-------------------------------------------
     0 | D:1      | Flugkiller the Vine Stalker Gladiator began the quest for
                  | the Orb.
     0 | D:1      | Reached XP level 1. HP: 11/11 MP: 2/2
   125 | D:1      | Reached XP level 2. HP: 13/15 MP: 3/3
   478 | D:2      | Reached XP level 3. HP: 16/19 MP: 2/4
   589 | D:2      | Found an opulent altar of Gozag.
   919 | D:3      | Reached XP level 4. HP: 14/23 MP: 3/5
   987 | D:3      | Noticed a phantom
   998 | D:3      | Killed a phantom
   999 | D:3      | Reached XP level 5. HP: 28/28 MP: 6/6
  1183 | D:3      | Found Hifeuth's General Store.
  1194 | D:3      | Found an ornate altar of the Wu Jian Council.
  1384 | D:3      | Noticed Jessica
  1389 | D:3      | Killed Jessica
  1509 | D:3      | Reached XP level 6. HP: 32/32 MP: 7/7
  1872 | D:4      | Found a glowing drain.
  1877 | Sewer    | Entered a sewer
  2141 | Sewer    | Reached XP level 7. HP: 37/37 MP: 8/8
  2715 | D:4      | Noticed Menkaure
  2726 | D:4      | Killed Menkaure
  2727 | D:4      | Reached skill level 5 in Short Blades
  2813 | D:4      | Identified the +0 leather armour "Eweiteus" {rElec Will+
                  | Int+2}
  2837 | D:4      | Found a runed translucent gate.
  2837 | D:4      | Found a runed translucent gate.
  2837 | D:4      | Found a runed translucent gate.
  2843 | D:4      | Noticed JamesMyth's ghost (amateur HOFi)
  2998 | D:5      | Entered Level 5 of the Dungeon
  3069 | D:5      | Noticed Grinder
  3086 | D:5      | Killed Grinder
  3087 | D:5      | Reached skill level 5 in Fighting
  3087 | D:5      | Gained mutation: You have razor-sharp teeth. [Vine Stalker
                  | growth]
  3087 | D:5      | Reached XP level 8. HP: 42/43 MP: 9/9
  3160 | D:5      | Reached skill level 5 in Dodging
  3240 | D:5      | Noticed Duvessa
  3240 | D:5      | Noticed Dowan
  3257 | D:5      | Killed Duvessa
  3264 | D:5      | Killed Dowan
  3711 | D:5      | Gained mutation: Your flesh is cold resistant. (rC+)
                  | [potion of mutation]
  3711 | D:5      | Gained mutation: You heal very quickly. [potion of
                  | mutation]
  3711 | D:5      | Lost mutation: You heal very quickly. [potion of mutation]
  3711 | D:5      | Gained mutation: You have a pair of small horns on your
                  | head. [potion of mutation]
  3771 | D:6      | Reached XP level 9. HP: 44/48 MP: 10/10
  3938 | D:6      | Found Kamunike's Armour Boutique.
  3942 | D:6      | Bought a +1 pair of boots of stealth for 231 gold pieces
  4053 | D:6      | Found a staircase to the Ecumenical Temple.
  4084 | Temple   | Entered the Ecumenical Temple
  4099 | Temple   | Became a worshipper of Uskayaw the Reveller
  4197 | D:6      | Reached * piety under Uskayaw
  4199 | D:6      | Reached ** piety under Uskayaw
  4202 | D:6      | Reached *** piety under Uskayaw
  4206 | D:6      | Reached **** piety under Uskayaw
  4210 | D:6      | Reached skill level 1 in Invocations
  4214 | D:6      | Reached ***** piety under Uskayaw
  4371 | D:6      | Found a large runed translucent door.
  4408 | D:6      | Found a large runed translucent door.
  4412 | D:6      | Noticed Pi314's ghost (novice KoEn)
  4575 | D:6      | Found Ceroecwer's Magic Scroll Boutique.
  4578 | D:6      | Bought a scroll of enchant weapon for 82 gold pieces
  4874 | D:7      | HP: 2/49 [poisoned by a gnoll sergeant]
  4875 | D:7      | Succumbed to a gnoll sergeant's poison

Illustrated notes

Levels and vault maps discovered:
D:1:      evilmike_arrival_plus, layout_rooms, minmay_distorted
D:2:      layout_rooms, basic_altar
D:3:      layout_loops_ring, mainiacjoe_overflow_small_starburst, serial_shops,
          shop, uniq_jessica
D:4:      minmay_angry_zag, layout_loops_cross, gup_sewer_entry_spiral,
          gammafunk_ghost_necromancy, uniq_menkaure
D:5:      layout_loops_ring, grunt_ministairs_13, uniq_grinder, uniq_duvessa
D:6:      layout_gridville, minmay_temple_entry_grid, serial_shops,
          nicolae_shop_back_alley_shop, nicolae_shop_rolled_up, serial_bayou,
          serial_bayou_pond_e, serial_bayou_pond_d, serial_bayou_pond_a,
          serial_bayou_pond_b, ebering_ghost_disaster_area
D:7:      layout_basic, mainiacjoe_overflow_chevrons, enter_bailey_5,
          roderic_roman_lattice
Temple:   bh_familiar_temple

Skill      XL: |  1  2  3  4  5  6  7  8  9 |
---------------+----------------------------+-----
Fighting       | 2 3 4 5 6 |  6.7
Short Blades   | 3 4 5 6 |  6.9
Dodging        | 3 4 5 6 |  6.3
Invocations    | 2 |  2.1
Throwing       | |  1.7

Action                     |  1- 3 |  4- 6 |  7- 9 || total
---------------------------+-------+-------+-------++-------
  Melee: Rapier            |   116 |   200 |   255 ||   571
         Bite              |    28 |    54 |    88 ||   170
         Punch             |     2 |       |     2 ||     4
         Headbutt          |       |       |    24 ||    24
    Use: Scroll            |       |     2 |     5 ||     7
         Potion            |       |       |     4 ||     4
   Stab: Sleeping          |     2 |     1 |     1 ||     4
         Paralysed         |       |       |     6 ||     6
 Armour: Leather armour    |    56 |   110 |    48 ||   214
         Ring mail         |       |       |    57 ||    57
  Dodge: Dodged            |    69 |   138 |   144 ||   351

Table legend: (Time is in decaauts)
 A = Elapsed time spent in this place.
 B = Non-inter-level travel time spent in this place.
 C = Inter-level travel time spent in this place.
 D = Time resting spent in this place.
 E = Time spent auto-exploring this place.
 F = Levels seen in this place.
 G = Mean time per level.
                   A        B        C        D        E       F      G
               +--------+--------+--------+--------+--------+-----+--------+
         Total |   4849 |   4603 |    246 |     89 |   3243 |   9 |  538.8 |
       Dungeon |   4282 |   4056 |    226 |     89 |   2955 |   7 |  611.7 |
        Temple |     29 |      9 |     20 |      0 |      0 |   1 |   29.0 |
         Sewer |    537 |    537 |      0 |      0 |    287 |   1 |  537.0 |
               +--------+--------+--------+--------+--------+-----+--------+

Top non-repeatable levels by time:
     D:4: 922 daAuts
     D:6: 914 daAuts
     D:3: 745 daAuts
     D:5: 705 daAuts
   Sewer: 537 daAuts
     D:1: 441 daAuts
     D:2: 400 daAuts
     D:7: 153 daAuts
  Temple: 29 daAuts
